 Dungeon Crawl Stone Soup version 0.22-a0-558-gc2241811a9 (webtiles) character file.

646 Naru the Twirler (level 7, -3/56 HPs)
             Began as a Formicid Fighter on June 27, 2018.
             Was a Follower of Okawaru.
             Slain by a two-headed ogre
             ... wielding a +0 giant spiked club
              (5 damage)
             ... on level 6 of the Dungeon.
             The game lasted 00:07:31 (4080 turns).

Naru the Twirler (Formicid Fighter)                 Turns: 4080, Time: 00:07:31

Health: -3/56      AC: 14    Str: 20    XL:     7   Next: 82%
Magic:  7/7        EV:  6    Int:  8    God:    Okawaru [*.....]
Gold:   200        SH: 10    Dex: 12    Spells: 6/6 levels left

rFire    + . .     SeeInvis +   a - +0 quarterstaff (freeze)
rCold    x . .     Gourm    .   c - +0 shield
rNeg     . . .     Faith    .   j - +0 chain mail
rPois    +         Spirit   .   (helmet unavailable)
rElec    .         Reflect  .   m - +1 cloak
rCorr    .         Harm     .   i - +0 pair of gloves
MR       .....                  q - +0 pair of boots
Stlth    ..........             (no amulet)
HPRegen  0.18/turn              k - ring of poison resistance
MPRegen  0.10/turn              l - ring of fire

@: no status effects
A: permanent stasis, dig shafts and tunnels, four strong arms, antennae 3
a: Dig, Shaft Self, Heroism, Renounce Religion


You were on level 6 of the Dungeon.
You worshipped Okawaru.
Okawaru was aware of your devotion.
You were not hungry.

You visited 2 branches of the dungeon, and saw 7 of its levels.

You collected 200 gold pieces.

Inventory:

Hand Weapons
 a - a +0 quarterstaff of freezing (weapon)
 u - the +9 war axe of Atiabuth {flame, +Fly rPois Int+4 SInv}
   (You found it on level 5 of the Dungeon)

   It has been specially enchanted to burn those struck by it, causing extra
   injury to most foes and up to half again as much damage against particularly
   susceptible opponents.
   Big, fiery blades are also staple armaments of hydra-hunters.
   It affects your intelligence (+4).
   It protects you from poison.
   It lets you see invisible.
   It lets you fly.
Missiles
 o - 3 poisoned tomahawks (quivered)
Armour
 c - a +0 shield (worn)
 i - a +0 pair of gloves (worn)
 j - a +0 chain mail (worn)
 m - a +1 cloak (worn)
 q - a +0 pair of boots (worn)
Jewellery
 k - a ring of poison resistance (left hand)
 l - a ring of fire (right hand)
Wands
 g - a wand of polymorph (13)
 n - a wand of paralysis (10)
Scrolls
 e - 2 scrolls of remove curse
 p - 3 scrolls of teleportation
 r - a scroll of identify
Potions
 b - 3 potions of brilliance {unknown}
 d - 2 potions of might
 s - a potion of lignification {unknown}
Comestibles
 f - 5 rations
 h - a chunk of flesh


   Skills:
 * Level 5.0 Fighting
 * Level 6.1 Staves
 + Level 4.3 Armour
 + Level 0.2 Dodging
 + Level 0.2 Stealth
 + Level 5.1 Shields


You had 6 spell levels left.
You didn't know any spells.
Your spell library was empty.

Dungeon Overview and Level Annotations

Branches:
Dungeon (6/15)             Temple (1/1) D:4

Altars:
Cheibriados
Fedhas
Makhleb
Nemelex Xobeh
Okawaru
Qazlal
Ru
Trog
Uskayaw
Vehumet
Wu Jian
Xom
Yredelemnul
Zin
The Shining One


Innate Abilities, Weirdness & Mutations

You cannot be hasted, slowed, berserked, paralysed or teleported.
You can dig through walls and to a lower floor.
Your four strong arms can wield two-handed weapons with a shield.
You have a pair of large antennae on your head. (SInv)


Message History

Evoke which item? (* to show all) (? for menu, Esc to quit)
Aiming: Paralyse
Press: ? - help, Shift-Dir - straight line, f/p - two-headed ogre
Aim: a two-headed ogre, wielding two giant spiked clubs (chance to defeat MR: 28%)
The two-headed ogre easily resists.
Evoke which item? (* to show all) (? for menu, Esc to quit)
Aiming: Paralyse
Press: ? - help, Shift-Dir - straight line, f/p - two-headed ogre
Aim: a two-headed ogre, wielding two giant spiked clubs (chance to defeat MR: 28%)
The two-headed ogre easily resists.
The two-headed ogre hits you but does no damage.
The two-headed ogre hits you with a giant spiked club!
* * * LOW HITPOINT WARNING * * *
Evoke which item? (* to show all) (? for menu, Esc to quit)
Aiming: Paralyse
Press: ? - help, Shift-Dir - straight line, f/p - two-headed ogre
Aim: a two-headed ogre, wielding two giant spiked clubs (chance to defeat MR: 28%)
The two-headed ogre easily resists.
The two-headed ogre hits you with a giant spiked club.
You die...

#.. ..# +.. ..+
#..♣♣♣..#
#.......# .
#.......# ..
###'####...
.####.#.#......
....[.)O...#
<####+#@...#
#.....##.#
#...... .#
#....### #
#.... #....
#.... #....


You could see a two-headed ogre.

Vanquished Creatures
  A phantom (D:4)
  An ogre (D:6)
  A bullfrog (D:3)
  A howler monkey (D:4)
  A crimson imp (D:5)
  2 bullfrog skeletons
  2 worker ants (D:4)
  4 adders
  9 gnolls
  2 oozes
  2 adder skeletons (D:4)
  3 worms
  A leopard gecko (D:3)
  16 orcs
  2 ball pythons
  5 giant cockroaches
  6 hobgoblins
  16 jackals
  A quokka (D:2)
  4 bats
  3 frilled lizards
  4 goblins
  5 kobolds
  A leopard gecko zombie (D:6)
  A quokka skeleton (D:4)
  5 rats
99 creatures vanquished.

Vanquished Creatures (others)
  2 gnolls (D:3)
2 creatures vanquished.

Grand Total: 101 creatures vanquished

Notes
Turn   | Place    | Note
-------+----------+-------------------------------------------
     0 | D:1      | Naru the Formicid Fighter began the quest for the Orb.
     0 | D:1      | Reached XP level 1. HP: 18/18 MP: 1/1
   157 | D:1      | Reached XP level 2. HP: 24/24 MP: 2/2
   552 | D:2      | Reached XP level 3. HP: 27/30 MP: 3/3
   860 | D:2      | Found a faded altar of an unknown god.
  1079 | D:3      | Found a bloodstained altar of Trog.
  1081 | D:3      | Reached XP level 4. HP: 37/37 MP: 4/4
  1313 | D:3      | Reached skill level 3 in Staves
  1346 | D:3      | Reached XP level 5. HP: 24/42 MP: 5/5
  1688 | D:3      | Noticed a bullfrog
  1699 | D:3      | Killed a bullfrog
  1699 | D:3      | Reached skill level 4 in Staves
  1953 | D:3      | Reached XP level 6. HP: 44/48 MP: 6/6
  1989 | D:3      | Found a basalt altar of Yredelemnul.
  2009 | D:3      | Found a glowing golden altar of the Shining One.
  2011 | D:3      | Noticed an angel
  2326 | D:4      | Found a staircase to the Ecumenical Temple.
  2343 | Temple   | Entered the Ecumenical Temple
  2374 | Temple   | Became a worshipper of Warmaster Okawaru
  2400 | D:4      | Noticed a phantom
  2426 | D:4      | Killed a phantom
  2749 | D:4      | Reached skill level 5 in Staves
  2766 | D:4      | Reached XP level 7. HP: 49/55 MP: 7/7
  2908 | D:4      | Reached * piety under Okawaru
  3324 | D:5      | Entered Level 5 of the Dungeon
  3324 | D:5      | Found a shimmering altar of Xom.
  3324 | D:5      | Found a snail-covered altar of Cheibriados.
  3324 | D:5      | Found a sacrificial altar of Ru.
  3324 | D:5      | Found a radiant altar of Vehumet.
  3324 | D:5      | Found a stormy altar of Qazlal.
  3329 | D:5      | Found an ornate altar of the Wu Jian Council.
  3329 | D:5      | Found a glowing silver altar of Zin.
  3330 | D:5      | Found a burning altar of Makhleb.
  3416 | D:5      | Reached skill level 5 in Shields
  3550 | D:5      | Got a faintly glowing war axe
  3551 | D:5      | Identified the +9 war axe of Atiabuth {flame, +Fly rPois Int+4 SInv} (You found it on level 5 of the Dungeon)
  4032 | D:6      | Reached skill level 6 in Staves
  4059 | D:6      | Noticed a two-headed ogre
  4071 | D:6      | Reached skill level 5 in Fighting
  4079 | D:6      | HP: 2/56 [two-headed ogre/giant spiked club (17)]
  4080 | D:6      | Slain by a two-headed ogre

Vault maps used:
D:1:      dpeg_arrival_orchard
D:2:      chequers_ecumenical_altar_simple_redux
D:3:      grunt_temple_overflow_holy_war, first_ration, bloody_trog
D:4:      temple_green, kennysheep_generic_room_5
D:5:      grunt_temple_overflow_open, minmay_misc_feat_chi
D:6:      minmay_goblin_kobold_castle, portal_sewer_entry_b,
          kennysheep_generic_room_11, uniq_menkaure, uniq_sigmund
Temple:   hc_temple_tempest_star

Skill      XL: |  1  2  3  4  5  6  7 |
---------------+----------------------+-----
Shields        | 4 5 |  5.1
Staves         | 3 4 5 6 |  6.1
Armour         | 4 |  4.3
Fighting       | 4 5 |  5.0
Dodging        | |  0.2
Stealth        | |  0.2

Action                   |  1- 3 |  4- 6 |  7- 9 || total
-------------------------+-------+-------+-------++-------
Melee: Quarterstaff      |   117 |   194 |    98 ||   409
Throw: Tomahawk          |       |       |     1 ||     1
 Abil: Dig               |       |       |     4 ||     4
Evoke: Wand              |       |       |     7 ||     7
  Use: Scroll            |       |     6 |     3 ||     9
  Eat: Chunk             |       |     5 |     3 ||     8
       Ration            |       |     1 |       ||     1
Armor: Scale mail        |     6 |       |       ||     6
       Chain mail        |    81 |    85 |    36 ||   202
Dodge: Dodged            |    32 |    46 |    17 ||    95
Block: Shield            |    66 |    88 |    36 ||   190

Table legend:
 A = Spawn XP
 B = Non-spawn XP
 C = Spawn XP percentage of total XP
 D = Spawn monster count
 E = Non-spawn monster count
 F = Spawn count percentage of total count
 G = Total turns spent on level
                    A         B        C        D         E        F      G
               +---------+---------+-------+---------+---------+-------+---------
         Total |       0 |     923 |   0.0 |       0 |      99 |   0.0 |  4080
               +---------+---------+-------+---------+---------+-------+---------
           D:1 |       0 |      22 |   0.0 |       0 |      14 |   0.0 |   505
           D:2 |       0 |      45 |   0.0 |       0 |      21 |   0.0 |   574
           D:3 |       0 |     213 |   0.0 |       0 |      23 |   0.0 |  1047
           D:4 |       0 |     381 |   0.0 |       0 |      29 |   0.0 |  1146
           D:5 |       0 |     105 |   0.0 |       0 |       9 |   0.0 |   699
           D:6 |       0 |     157 |   0.0 |       0 |       3 |   0.0 |    57
               +---------+---------+-------+---------+---------+-------+---------
